 Dungeon Crawl Stone Soup version 0.31-a0-960-g0fca184906 (webtiles) character file.

Game seed: 14256944192490594932

2692 Maxmaps the Mimic (level 9, -2/57 (58) HPs)
             Began as an Octopode Shapeshifter on Oct 24, 2023.
             Engulfed by a cloud of steam (8 damage)
             ... on level 8 of the Dungeon.
             The game lasted 00:10:29 (7651 turns).

Maxmaps the Mimic (Octopode Shapeshifter)           Turns: 7651, Time: 00:10:30

HP:   -2/57 (58)    AC:  1    Str: 13    XL:     9   Next: 65%
MP:   18/18         EV: 15    Int: 17    God:
Gold: 341           SH:  0    Dex: 11    Spells: 8/8 levels left

rFire   . .          .
                       - Unarmed
rCold   . . .        (no shield)
rNeg    . . .        (helmet currently unavailable)
rPois   .            (no amulet)
rElec   .            q - ring of magical power
rCorr   .            (no ring)
SInv    .            (no ring)
Will    .....        (no ring)
Stlth   ++++         (no ring)
HPRegen 0.29/turn    (no ring)
MPRegen 0.16/turn    (no ring)
                     (no ring)

%: no passive effects
@: beast-form, lightly drained
A: beast (slay +4), almost no armour, amphibious, 8 rings, camouflage 1,
gelatinous body 1, (nimble swimmer 1), tentacles
a: Begin Untransformation


You were on level 8 of the Dungeon.
You were a hulking beast.
You visited 1 branch of the dungeon, and saw 8 of its levels.

You collected 380 gold pieces.
You spent 39 gold pieces at shops.

Inventory:

Jewellery
 a - an amulet of faith
 q - a ring of magical power (left tentacle)
Talismans
 b - a beast talisman
 c - a flux talisman
Wands
 d - a wand of roots (5)
 g - a wand of acid (11)
 o - a wand of charming (19)
Scrolls
 e - a scroll of blinking
 f - a scroll of fear
 k - a scroll of enchant weapon
Potions
 h - 2 potions of mutation
 j - a potion of haste {unknown}
 n - 2 potions of attraction {unknown}
 p - a potion of enlightenment {unknown}
 r - a potion of invisibility {unknown}
 t - a potion of degeneration {unknown}


   Skills:
 - Level 4.2 Fighting
 - Level 8.0 Dodging
 - Level 5.1 Stealth
 - Level 3.0 Unarmed Combat
 + Level 8.5 Shapeshifting


You had 8 spell levels left.
You didn't know any spells.
Your spell library contained the following spells:

 Spells                   Type           Power      Damage    Failure   Level
 Freeze                   Ice            0%         1d3       24%         1
 Kiss of Death            Conj/Necr      0%         2d5       24%         1
 Sandblast                Erth           0%         2d4       24%         1
 Sting                    Tmut/Pois      0%         1d3       24%         1
 Passwall                 Tmut/Erth      0%         N/A       34%         2
 Poisonous Vapours        Pois/Air       0%         N/A       34%         2
 Scorch                   Fire           0%         2d5       34%         2
 Confusing Touch          Hex            0%         N/A       56%         3
 Frozen Ramparts          Ice            0%         1d1       56%         3
 Hailstorm                Conj/Ice       0%         3d3       56%         3
 Stone Arrow              Conj/Erth      0%         3d7       56%         3
 Brom's Barrelling Bould  Conj/Erth      0%         2d3       93%         4
 Dispel Undead            Necr           0%         3d6       93%         4
 Flame Wave               Conj/Fire      0%         2d4       93%         4
 Olgreb's Toxic Radiance  Pois           0%         N/A       93%         4
 Passage of Golubria      Tloc           0%         N/A       93%         4
 Summon Ice Beast         Ice/Summ       0%         N/A       93%         4
 Silence                  Hex/Air        0%         N/A       100%        5
 Simulacrum               Ice/Necr       0%         N/A       100%        6
 Summon Cactus Giant      Summ           0%         N/A       100%        6
 Lehudib's Crystal Spear  Conj/Erth      0%         10d2      100%        8


Dungeon Overview and Level Annotations

Branches:
Dungeon (8/15)             Temple (0/1) D:4
   Lair: D:8-11

Altars:
Ashenzari
Dithmenos
Makhleb
Nemelex Xobeh
Ru
Vehumet
Yredelemnul
Zin
The Shining One

Shops:
D:6 *(

Annotations:
D:8 Maurice


Innate Abilities, Weirdness & Mutations

You are a hulking beast.
Your limbs bulge with bestial killing power. (Slay +4)
You cannot wear most types of armour.
You are amphibious.
You can wear up to eight rings at the same time.
Your skin changes colour to match your surroundings (Stealth+).
Your rubbery body absorbs attacks. (AC +1, EV +1)
((You are camouflaged when in or above water. (Stealth+)))
You have tentacles for arms and can constrict up to eight enemies at once.


Message History

The steam dragon is lightly wounded.
You are engulfed in a cloud of scalding steam.
The steam dragon barely misses you. The steam dragon claws you.
You tentacle-slap the steam dragon. Your squeeze misses the steam dragon.
The steam dragon is lightly wounded.
The steam dragon bites you but does no damage.
The steam dragon claws you.
You tentacle-slap the steam dragon.
The steam dragon is moderately wounded.
The steam dragon misses you. The steam dragon claws you.
You bludgeon the steam dragon!
You squeeze the steam dragon, but do no damage.
The steam dragon is heavily wounded.
You are engulfed in a cloud of scalding steam.
An orc comes into view. It is wielding a +0 hand axe.
The steam dragon bites you. The steam dragon closely misses you.
You are too injured to fight recklessly!
You are too injured to fight recklessly!
You closely miss the steam dragon. You tentacle-slap the steam dragon.
You squeeze the steam dragon.
The steam dragon is severely wounded.
The steam dragon bites you. The steam dragon claws you.
You tentacle-slap the steam dragon but do no damage.
The steam dragon is severely wounded.
The steam dragon breathes steam at you. The ball of steam misses you.
You hear a shout! x4
You tentacle-slap the steam dragon.
The steam dragon is almost dead.
You are engulfed in a cloud of scalding steam.
* * * LOW HITPOINT WARNING * * *
The steam dragon bites you!
* * * LOW HITPOINT WARNING * * *
The steam dragon closely misses you.
An orc comes into view. It is wielding a +0 dagger.
You tentacle-slap the steam dragon.
You kill the steam dragon!
The steam dragon scales are intact enough to wear.
You are engulfed in a cloud of scalding steam.
You die...

### #.# ## #####.### #
.# #....§..# .#
.#####.###§§§## ##.#
.............§###...###.
..#.##.#†...............
..(.##.#......§.........
#.#.........)...h...o...
#.#.####.....§#..[.###.o
....####.####.#....#
.......... .......#
#..#.########.####<..
#....# ..# .###
...#.#####..... ..
............... .##
...........


You could see 2 orcs.

Vanquished Creatures
  Jeremiah (D:8)
  A steam dragon (D:8)
  A vampire mosquito (D:7)
  2 water moccasins
  An orc warrior (D:6)
  2 ice beasts
  A black bear (D:5)
  A sky beast (D:6)
  An ogre (D:4)
  2 phantoms
  A kobold brigand (D:7)
  A bullfrog (D:7)
  A scorpion (D:7)
  3 wights (D:7)
  6 killer bees (D:7)
  An electric eel (D:6)
  2 jellies
  An orc priest (D:5)
  A hound (D:6)
  4 orc wizards
  3 sleepcaps (D:5)
  7 iguanas
  Robin (D:3)
  4 gnolls (D:4)
  5 adders
  A shadow imp (D:6)
  A white imp (D:6)
  2 ufetubi (D:7)
  2 worms
  10 dart slugs
  25 orcs
  3 ball pythons
  9 bats
  5 endoplasms
  3 giant cockroaches
  13 goblins
  12 hobgoblins
  4 jackals (D:2)
  6 quokkas
  A frilled lizard (D:2)
  8 kobolds
  5 rats
164 creatures vanquished.

Vanquished Creatures (others)
  A butterfly (D:8)
1 creature vanquished.

Grand Total: 165 creatures vanquished

Notes
Turn   | Place    | Note
-------+----------+-------------------------------------------
     0 | D:1      | Maxmaps the Octopode Shapeshifter began the quest for the
                  | Orb.
     0 | D:1      | Reached XP level 1. HP: 13/13 MP: 1/1
    64 | D:1      | Reached skill level 1 in Stealth
   101 | D:1      | Reached XP level 2. HP: 12/18 MP: 2/2
   477 | D:1      | Reached XP level 3. HP: 23/23 MP: 3/3
   874 | D:2      | HP: 1/23 [frozen (2)]
  1062 | D:2      | Reached XP level 4. HP: 27/28 MP: 4/4
  1087 | D:2      | Reached skill level 5 in Stealth
  1314 | D:3      | Noticed Robin
  1353 | D:3      | Killed Robin
  1656 | D:3      | You fall into a shaft and drop 2 floors!
  1656 | D:5      | Entered Level 5 of the Dungeon
  1677 | D:5      | Noticed an ice beast
  1701 | D:4      | Reached XP level 5. HP: 36/36 MP: 5/5
  1731 | D:4      | Noticed an ogre
  1877 | D:3      | Found a sparkling altar of Nemelex Xobeh.
  2177 | D:4      | Killed an ogre
  2322 | D:4      | Reached XP level 6. HP: 43/43 MP: 6/6
  2416 | D:4      | Found a staircase to the Ecumenical Temple.
  3122 | D:5      | Found a shadowy altar of Dithmenos.
  3208 | D:5      | Killed an ice beast
  3209 | D:5      | Reached XP level 7. HP: 19/48 MP: 7/7
  3377 | D:5      | Reached skill level 5 in Dodging
  3464 | D:5      | Found a burning altar of Makhleb.
  3532 | D:5      | Found a glowing golden altar of the Shining One.
  4478 | D:6      | Reached XP level 8. HP: 32/54 MP: 8/8
  4880 | D:6      | Found Mitigros's General Store.
  4888 | D:6      | Bought a potion of lignification for 39 gold pieces
  5434 | D:6      | Found Byograso's Antique Weapon Shop.
  5547 | D:6      | Found a basalt altar of Yredelemnul.
  5547 | D:6      | Found a glowing silver altar of Zin.
  5605 | D:6      | Found a sacrificial altar of Ru.
  5607 | D:6      | Found a broken altar of Ashenzari.
  5609 | D:6      | Found a radiant altar of Vehumet.
  6032 | D:7      | Reached skill level 5 in Shapeshifting
  6454 | D:7      | Reached XP level 9. HP: 46/58 MP: 9/9
  7069 | D:8      | Noticed Maurice
  7070 | D:8      | Noticed Jeremiah
  7439 | D:8      | HP: 2/50 [Jeremiah/+3 trident of draining (4)]
  7445 | D:8      | Killed Jeremiah
  7651 | D:8      | Engulfed by a cloud of steam

Illustrated notes

Levels and vault maps discovered:
D:1:      saegor_arrival_simple_d, layout_basic, dk_noncrumbling_3,
          serial_park_tiny_1
D:2:      layout_basic, kennysheep_generic_room_11
D:3:      layout_rooms, nemelex_xobeh_ov_fountains_minmay, serial_curves,
          eino_curves_01, eino_curves_01, eino_curves_02, eino_curves_01,
          serial_bayou_lagoon_a, uniq_robin
D:4:      layout_rooms, temple_statues
D:5:      layout_basic, lemuel_tele_altar, grunt_temple_overflow_open,
          hellmonk_no_cap
D:6:      kennysheep_slugbush, layout_loops_ring,
          chequers_temple_overflow_minitemple, serial_shops, shop, shop
D:7:      layout_rooms, kennysheep_generic_room_7
D:8:      layout_basic, nicolae_elyvilon_peaceful_grove,
          nicolae_uskayaw_murder_on_the_dancefloor, uniq_maurice, uniq_jeremiah,
          uniq_maggie

Skill      XL: |  1  2  3  4  5  6  7  8  9 |
---------------+----------------------------+-----
Stealth        | 1 3 4 5 |  5.1
Fighting       | 2 4 |  4.2
Dodging        | 4 6 8 |  8.0
Shapeshifting  | 6 8 |  8.5
Unarmed Combat | |  3.0

Action                     |  1- 3 |  4- 6 |  7- 9 || total
---------------------------+-------+-------+-------++-------
  Melee: Unarmed           |    81 |   142 |   312 ||   535
         Constrict         |    20 |    33 |    56 ||   109
         Tentacles         |    14 |    35 |    75 ||   124
         Punch             |     3 |     7 |     9 ||    19
    Use: Potion            |       |     1 |     8 ||     9
         Scroll            |       |    10 |     2 ||    12
   Stab: Sleeping          |    16 |     6 |    13 ||    35
 Armour: Skin              |    36 |    68 |   192 ||   296
  Dodge: Dodged            |    43 |    52 |   168 ||   263

Table legend: (Time is in decaauts)
 A = Elapsed time spent in this place.
 B = Non-inter-level travel time spent in this place.
 C = Inter-level travel time spent in this place.
 D = Time resting spent in this place.
 E = Time spent auto-exploring this place.
 F = Levels seen in this place.
 G = Mean time per level.
                   A        B        C        D        E       F      G
               +--------+--------+--------+--------+--------+-----+--------+
         Total |   7624 |   7423 |    201 |   2531 |   3655 |   8 |  953.0 |
       Dungeon |   7624 |   7423 |    201 |   2531 |   3655 |   8 |  953.0 |
               +--------+--------+--------+--------+--------+-----+--------+

Top non-repeatable levels by time:
     D:5: 1544 daAuts
     D:6: 1440 daAuts
     D:7: 1388 daAuts
     D:3: 806 daAuts
     D:4: 801 daAuts
     D:1: 766 daAuts
     D:2: 506 daAuts
     D:8: 368 daAuts
